 Dungeon Crawl Stone Soup version 0.15.0-12-gccce430 (webtiles) character file.

103 RobertPalmer the Sneak (level 5, 0/35 HPs)
             Began as a Formicid Enchanter on Aug 31, 2014.
             Succumbed to poison (a potion of poison)
             ... on Level 3 of the Dungeon.
             The game lasted 00:10:38 (3006 turns).

RobertPalmer the Sneak (Formicid Enchanter)         Turns: 3006, Time: 00:10:39

HP   0/35        AC  3     Str 13      XL: 5   Next:  6%
MP  11/11        EV 12     Int 14      God:
Gold 71          SH  0     Dex 12      Spells:  3 memorised,  3 levels left

rFire  . . .     SeeInvis +     r - +2 dagger (venom)
rCold  . . .     Clarity  .     b - +1 robe
rNeg   . . .     rCorr    .     (no shield)
rPois  .         rRot     .     (helmet unavailable)
rElec  .         Spirit   .     (no cloak)
SustAb .         Warding  .     (no gloves)
rMut   .         Stasis   +     (no boots)
Gourm  .                        (no amulet)
MR     .....                    (no ring)
                                (no ring)

@: lethally poisoned, very slightly contaminated, invisible, not resistant to
hostile enchantments, fairly stealthy
A: permanent stasis, dig shafts and tunnels, four strong arms, antennae 3
a: Dig, Shaft Self


You were on level 3 of the Dungeon.
You were very hungry.

You visited 1 branch of the dungeon, and saw 3 of its levels.

You collected 71 gold pieces.


Innate Abilities, Weirdness & Mutations

Your are under a permanent stasis effect.
You can dig through walls and to a lower floor.
Your four strong arms can wield two-handed weapons with a shield.
You have a pair of large antennae on your head (SInv).


   Skills:
 - Level 1.0 Short Blades
 - Level 1.7 Dodging
 + Level 6.1 Stealth
 - Level 2.1 Spellcasting
 - Level 4.6 Hexes


You had 3 spell levels left.
You knew the following spells:

 Your Spells              Type           Power        Failure   Level  Hunger
z - Ensorcelled Hibernat  Hex/Ice        #.....       17%         2    ###....
X - Sure Blade            Hex/Chrm       #.........   17%         2    ###....
Z - Corona                Hex            ##.....      3%          1    #......

Inventory:

Hand weapons
 j - a +0 blowgun
 r - a +2 dagger of venom (weapon)
Missiles
 e - 13 stones (quivered)
 n - 11 poisoned needles
Armour
 b - a +1 robe (worn)
Comestibles
 d - 2 bread rations
 f - 2 meat rations
 m - 2 rotting chunks of hobgoblin flesh {@*1}
Scrolls
 g - 4 scrolls of identify
 h - 4 scrolls of remove curse
 i - a scroll of blinking {unknown}
 l - a scroll of enchant armour {unknown}
Potions
 p - a potion of poison {!q}
Books
 c - a book of Maledictions

Dungeon Overview and Level Annotations

Branches:
Dungeon (3/15)

Altars:

#.# #.# #.####### ........#
........#
........###################
..................).........
............................
#.############..@######...##
#.######## #...# #
.........# #...# .........#
#...# .........# #...#
.........# #...# .........#
#...# .........# #####
......)..#


There were no monsters in sight!


Message History

You feel sick. Terence barely misses you.
You catch the helpless Terence completely off-guard!
You slash Terence!
You kill Terence!
Your Stealth skill increases to level 6!
You have reached level 5!
* * * LOW HITPOINT WARNING * * *
You feel sick.
Drink which item? (? for menu, Esc to quit)
Okay, then.
There is a lethal amount of poison in your body!
There is a lethal amount of poison in your body!
There is a lethal amount of poison in your body!
There is a lethal amount of poison in your body!
There is a lethal amount of poison in your body!
* * * LOW HITPOINT WARNING * * *
You feel sick.
* * * LOW HITPOINT WARNING * * *
You feel sick.
* * * LOW HITPOINT WARNING * * *
You feel sick.
You are feeling very hungry.
* * * LOW HITPOINT WARNING * * *
You feel sick.
Unknown command.
* * * LOW HITPOINT WARNING * * *
You feel sick.
Unknown command.
Unknown command.
You die...

Action                   |  1- 3 |  4- 6 || total
-------------------------+-------+-------++-------
Melee: Dagger            |   100 |    40 ||   140
Throw: Stone             |    19 |       ||    19
 Cast: Corona            |     9 |     3 ||    12
       Ensorcelled Hiber |    17 |    10 ||    27
  Use: Scroll            |     2 |       ||     2
       Potion            |       |     3 ||     3
 Stab: Sleeping          |    11 |     9 ||    20
       Invisible         |       |     1 ||     1
  Eat: Chunk             |     5 |     3 ||     8

Vault maps used:
D:1:      mrwooster_arrival_statue, dk_noncrumbling_3
D:2:      nrook_loot_triangle, uniq_jessica
D:3:      cheibriados_altar_1, uniq_sigmund, uniq_terence

Notes
Turn   | Place    | Note
--------------------------------------------------------------
     0 | D:1      | RobertPalmer, the Formicid Enchanter, began the quest for the Orb.
     0 | D:1      | Reached XP level 1. HP: 13/13 MP: 3/3
   280 | D:1      | Reached skill level 4 in Hexes
   858 | D:2      | Reached XP level 2. HP: 13/19 MP: 3/5
   880 | D:2      | Learned a level 2 spell: Ensorcelled Hibernation
   884 | D:2      | Learned a level 2 spell: Sure Blade
  1456 | D:2      | Reached XP level 3. HP: 6/24 MP: 2/7
  1458 | D:2      | Reached skill level 4 in Stealth
  1838 | D:2      | HP: 1/24 [inept shortbow mimic (3)]
  2146 | D:2      | Reached skill level 5 in Stealth
  2146 | D:2      | Reached XP level 4. HP: 30/30 MP: 5/8
  2214 | D:2      | Noticed Jessica
  2217 | D:2      | Killed Jessica
  2968 | D:3      | Noticed Terence
  2985 | D:3      | Killed Terence
  2985 | D:3      | Reached skill level 6 in Stealth
  2985 | D:3      | Reached XP level 5. HP: 5/35 MP: 11/11
  2988 | D:3      | HP: 3/35 [poison (a potion of poison)]
  2994 | D:3      | HP: 2/35 [poison (a potion of poison)]
  3002 | D:3      | HP: 1/35 [poison (a potion of poison)]
  3006 | D:3      | Succumbed to poison (a potion of poison)

Vanquished Creatures
  Jessica (D:2)
  Terence (D:3)
  An inept item mimic (D:2)
  2 adders (D:2)
  A worm (D:2)
  3 giant geckos
  An ooze (D:3)
  7 goblins
  2 hobgoblins
  3 jackals (D:2)
  6 kobolds
  7 bats
  A giant newt (D:2)
  5 rats
41 creatures vanquished.
